 Dungeon Crawl Stone Soup version 0.29.0-4-gdea44cf6ec (webtiles) character file.

Game seed: 2647276527400889824

12432 qw the Brawler (level 11, -6/109 HPs)
             Began as a Troll Cinder Acolyte on Aug 31, 2022.
             Was an Initiate of Ignis.
             Mangled by a naga
             ... wielding a +0 long sword
              (9 damage)
             ... on level 3 of the Lair of Beasts.
             The game lasted 00:05:44 (11490 turns).

qw the Brawler (Troll Cinder Acolyte)              Turns: 11490, Time: 00:05:44

Health: -6/109     AC: 15    Str: 28    XL:     11   Next: 62%
Magic:  11/11      EV:  6    Int: 10    God:    Ignis [......]
Gold:   825        SH:  0    Dex:  5    Spells: 12/12 levels left

rFire   + + .      SeeInvis .     - Unarmed
rCold   + . .      Faith    .   (no shield)
rNeg    . . .      Spirit   .   n - +0 troll leather armour
rPois   .          Reflect  .   g - +2 hat
rElec   .          Harm     .   (no cloak)
rCorr   .          Rampage  .   (gloves unavailable)
Will    +....                   (boots unavailable)
Stlth   +.........              o - amulet of the acrobat
HPRegen 1.88/turn               e - ring of protection from fire
MPRegen 0.12/turn               m - ring of protection from cold

@: about to teleport, fiery-armoured, constricted, unable to drink
A: large, unfitting armour, claws 3, regeneration 1, shaggy fur 1, tough skin 1,
strong-willed 1, inability to drink after injury 1
a: Renounce Religion, Rising Flame


You were on level 3 of the Lair of Beasts.
You worshipped Ignis.
Ignis was noncommittal.
You visited 2 branches of the dungeon, and saw 12 of its levels.

You collected 825 gold pieces.


Innate Abilities, Weirdness & Mutations

You are too large for most types of armour.
You have claws for hands.
Your natural rate of healing is unusually fast.
You are covered in fur. (AC +1)
You have tough skin. (AC +1)
You are strong-willed. (Will+)
You occasionally lose the ability to drink potions when taking damage.


   Skills:
 - Level 7.3 Fighting
 - Level 4.1 Throwing
 - Level 1.0 Armour
 - Level 1.2 Dodging
 + Level 16.0 Unarmed Combat
 - Level 1.0 Spellcasting
 - Level 2.1 Fire Magic


You had 12 spell levels left.
You didn't know any spells.
Your spell library contained the following spells:

 Spells                   Type           Power      Damage    Failure   Level
 Scorch                   Fire           8%         2d5       24%         2

Inventory:

Missiles
 b - 8 boomerangs
 f - 7 javelins (quivered)
Armour
 g - a +2 hat (worn)
 n - a +0 troll leather armour (worn)
Jewellery
 e - a ring of protection from fire (left claw)
 m - a ring of protection from cold (right claw)
 o - an amulet of the acrobat (around neck)
Scrolls
 c - 3 scrolls of identify
 j - 3 scrolls of enchant armour
 k - a scroll of teleportation
 l - a scroll of enchant weapon
Potions
 d - 2 potions of heal wounds
 h - 8 potions of curing
 i - a potion of resistance

Dungeon Overview and Level Annotations

Branches:
Dungeon (9/15)             Temple (0/1) D:7            Lair (3/5) D:9
  Swamp (0/4) Lair:2          Orc (0/2) D:9
  Snake: Lair:2-3    Spider: Lair:2-3

Altars:
Makhleb
Sif Muna
Vehumet

Shops:
D:1 *   D:6 [

Annotations:
D:3 1 runed translucent door, Crazy Yiuf


Message History

The five-headed hydra is severely wounded.
The five-headed hydra bites you!
The five-headed hydra is burned by your cloak of flames.
The five-headed hydra is almost dead.
The five-headed hydra bites you.
The five-headed hydra is burned by your cloak of flames.
The five-headed hydra is almost dead.
The water moccasin closely misses you.
11488 ||| READING 2 scrolls of teleportation.
As you read the scroll of teleportation, it crumbles to dust.
You feel strangely unstable. The water moccasin closely misses you.
The five-headed hydra bites you but does no damage.
The five-headed hydra is burned by your cloak of flames.
You kill the five-headed hydra!
Your Fighting skill increases to level 7!
11489 ||| DRINKING 3 potions of heal wounds.
You feel much better. The water moccasin bites you.
The water moccasin is burned by your cloak of flames.
The water moccasin is moderately wounded.
The naga hits you from afar with a +0 glaive!!
You feel threatened and lose the ability to drink potions!
The naga hits you but does no damage.
The naga is burned by your cloak of flames.
The naga is almost dead.
The naga barely misses you.
The water moccasin bites you but does no damage.
The water moccasin is burned by your cloak of flames.
The water moccasin is heavily wounded.
You barely miss the naga.
The naga is almost dead.
The naga hits you but does no damage. The naga hits you with a +0 long sword.
The naga is burned by your cloak of flames.
The naga is moderately wounded.
The naga grabs you. The naga constricts you. The water moccasin bites you.
The water moccasin is burned by your cloak of flames.
The water moccasin is heavily wounded.
The naga hits you with a +0 long sword!
You die...

..........
...........#
......#....##
...........# .#
#.........####
...#............#
...#.....SN.....##
........N.@......#
....../%.N%.....##
......)..!.......#
...#...#......####
#.........##
?####..<...###
..........##
....?.......#
.....$.....##


You could see a water moccasin and 3 nagas.

Vanquished Creatures
  Gastronok (D:8)
  A hydra (Lair:3)
  A two-headed ogre (D:9)
  2 cane toads (Lair:2)
  A troll (D:9)
  A queen bee (D:9)
  Grinder (D:3)
  Sigmund (D:6)
  A wyvern (D:7)
  Eustachio (D:6)
  8 yaks
  A basilisk (Lair:2)
  A steam dragon (D:8)
  6 vampire mosquitoes (Lair:2)
  A naga (Lair:3)
  3 water moccasins
  Duvessa (D:5)
  3 orc warriors
  2 sky beasts (D:7)
  2 ogres
  7 centaurs
  15 wolves
  7 bullfrogs
  4 kobold brigands
  A gnoll sergeant (D:8)
  A necrophage (D:6)
  4 scorpions
  7 wights
  Dowan (D:5)
  17 killer bees (D:9)
  An electric eel (D:9)
  2 howler monkeys
  A gnoll bouda (D:6)
  3 jellies
  7 orc priests
  5 hounds
  Ijyb (D:3)
  Terence (D:2)
  An iguana (D:6)
  7 orc wizards
  Robin (D:2)
  10 gnolls
  11 adders
  2 shadow imps (D:6)
  2 ufetubi
  2 worms
  2 dart slugs
  41 orcs
  9 ball pythons
  6 bats
  6 endoplasms
  2 giant cockroaches
  12 goblins
  7 hobgoblins
  7 jackals
  25 kobolds
  A quokka (D:2)
  3 frilled lizards
  4 rats
285 creatures vanquished.

Vanquished Creatures (others)
  4 fungi
  4 plants (Lair:2)
  2 toadstools (D:1)
10 creatures vanquished.

Grand Total: 295 creatures vanquished

Notes
Turn   | Place    | Note
-------+----------+-------------------------------------------
     0 | D:1      | qw the Troll Cinder Acolyte began the quest for the Orb.
     0 | D:1      | Reached XP level 1. HP: 22/22 MP: 1/1
     0 | D:1      | 0 ||| qw: Version: 0.1-a-97-g2dd2ca4
     0 | D:1      | 0 ||| qw: Game counter: 4480
     0 | D:1      | 0 ||| qw: Always use a shield: true
     0 | D:1      | 0 ||| qw: God list: Okawaru
     0 | D:1      | 0 ||| qw: Allow faded altars: false
     0 | D:1      | 0 ||| qw: Do Orc after D:15 true
     0 | D:1      | 0 ||| qw: Do second Lair branch before Depths: true
     0 | D:1      | 0 ||| qw: Lair rune preference: random
     0 | D:1      | 0 ||| qw: Plans: Normal
     0 | D:1      | 0 ||| PLANNING D:1-11
   102 | D:1      | Found a faded altar of an unknown god.
   125 | D:1      | Found Divunt's General Store.
   134 | D:1      | 134 ||| SHOPLISTING +1 cloak (138 gold, have 11).
   134 | D:1      | 134 ||| SHOPLISTING +1 robe of cold resistance (152 gold,
                  | have 11).
   134 | D:1      | 134 ||| SHOPLISTING wand of digging (5) (252 gold, have
                  | 11).
   172 | D:1      | Reached XP level 2. HP: 29/29 MP: 2/2
   266 | D:1      | 266 ||| Stepping ~*~*~tactically~*~*~ (outnumbered).
   400 | D:1      | Reached skill level 4 in Unarmed Combat
   680 | D:1      | 680 ||| UPGRADING to +1 hat.
   685 | D:1      | 685 ||| DROPPING ring of magical power.
   686 | D:1      | 686 ||| READING scroll labelled FERYNU KOINAUT.
   687 | D:1      | 687 ||| DRINKING 2 blue potions.
   792 | D:1      | 792 ||| DRINKING 2 lumpy coppery potions.
   793 | D:1      | 793 ||| DROPPING potion of berserk rage.
   810 | D:2      | Noticed Terence
   817 | D:2      | 817 ||| INVOKING Fiery Armour.
   823 | D:2      | HP: 6/29 [Terence/+2 flail of protection (5)]
   824 | D:2      | Killed Terence
   825 | D:2      | Reached skill level 1 in Throwing
   825 | D:2      | Reached XP level 3. HP: 9/36 MP: 3/3
   902 | D:2      | 902 ||| Stepping ~*~*~tactically~*~*~ (stealth).
   905 | D:2      | 905 ||| Stepping ~*~*~tactically~*~*~ (stealth).
   906 | D:2      | 906 ||| Stepping ~*~*~tactically~*~*~ (stealth).
  1052 | D:2      | 1052 ||| Stepping ~*~*~tactically~*~*~ (stealth).
  1064 | D:2      | Reached XP level 4. HP: 42/44 MP: 4/4
  1312 | D:2      | Noticed Robin
  1325 | D:2      | 1325 ||| Stepping ~*~*~tactically~*~*~ (outnumbered).
  1326 | D:2      | 1326 ||| Stepping ~*~*~tactically~*~*~ (outnumbered).
  1334 | D:2      | Killed Robin
  1480 | D:2      | 1480 ||| READING scroll labelled JIEWNA OTSIBI.
  1481 | D:2      | 1481 ||| READING scroll labelled KUOSKE WEUK KEGHEE.
  1582 | D:2      | 1582 ||| READING scroll labelled POAKHLA BOEMAO.
  1583 | D:2      | 1583 ||| READING scroll labelled HEVOF LEICVE.
  1584 | D:2      | 1584 ||| READING scroll labelled CIOSIE YWASCH.
  1585 | D:2      | 1585 ||| READING scroll labelled CUIR BIRIF XUSIH.
  1586 | D:2      | 1586 ||| DRINKING 2 bubbling pink potions.
  1790 | D:3      | Noticed Ijyb
  1790 | D:3      | Noticed Grinder
  1791 | D:3      | 1791 ||| Stepping ~*~*~tactically~*~*~ (hiding).
  1793 | D:3      | 1793 ||| Stepping ~*~*~tactically~*~*~ (hiding).
  1795 | D:3      | 1795 ||| Stepping ~*~*~tactically~*~*~ (hiding).
  1799 | D:3      | 1799 ||| INVOKING Fiery Armour.
  1803 | D:3      | Killed Ijyb
  1804 | D:3      | Reached skill level 5 in Unarmed Combat
  1809 | D:3      | 1809 ||| Stepping ~*~*~tactically~*~*~ (hiding).
  1816 | D:3      | Killed Grinder
  1817 | D:3      | Reached skill level 6 in Unarmed Combat
  1817 | D:3      | Reached XP level 5. HP: 38/50 MP: 5/5
  1817 | D:3      | Reached XP level 6. HP: 45/59 MP: 6/6
  1917 | D:3      | Found a runed translucent door.
  1918 | D:3      | Noticed Crazy Yiuf
  1970 | D:3      | Found a burning altar of Makhleb.
  1973 | D:3      | Found a shimmering blue altar of Sif Muna.
  2066 | D:3      | 2066 ||| READING scroll of enchant armour.
  2066 | D:3      | 2066 ||| ENCHANTING +1 hat.
  2088 | D:3      | You fall into a shaft and drop 3 floors!
  2089 | D:6      | 2089 ||| PLANNING SEWER
  2090 | D:6      | Noticed a water moccasin
  2095 | D:6      | Killed a water moccasin
  2096 | D:6      | Reached skill level 7 in Unarmed Combat
  2128 | D:6      | Noticed a water moccasin
  2134 | D:6      | Killed a water moccasin
  2135 | D:6      | Reached XP level 7. HP: 46/66 MP: 7/7
  2211 | D:6      | Found a glowing drain.
  2213 | D:6      | 2213 ||| READING scroll labelled LASYKO LATZ.
  2214 | D:6      | 2214 ||| READING scroll labelled QOIDETZ PAYR.
  2217 | D:6      | 2217 ||| READING 2 scrolls of identify.
  2217 | D:6      | 2217 ||| IDENTIFYING grey potion
  2218 | D:6      | 2218 ||| DROPPING potion of flight.
  2324 | D:6      | 2324 ||| Stepping ~*~*~tactically~*~*~ (stealth).
  2326 | D:6      | 2326 ||| Stepping ~*~*~tactically~*~*~ (stealth).
  2330 | D:6      | Reached skill level 8 in Unarmed Combat
  2331 | D:6      | 2331 ||| Stepping ~*~*~tactically~*~*~ (stealth).
  2347 | D:6      | Reached skill level 3 in Fighting
  2366 | D:6      | Noticed Eustachio
  2375 | D:6      | 2375 ||| Stepping ~*~*~tactically~*~*~ (outnumbered).
  2376 | D:6      | 2376 ||| Stepping ~*~*~tactically~*~*~ (outnumbered).
  2378 | D:6      | 2378 ||| Stepping ~*~*~tactically~*~*~ (outnumbered).
  2432 | D:6      | 2432 ||| FLEEEEING.
  2442 | D:6      | Killed Eustachio
  2607 | D:6      | 2607 ||| Stepping ~*~*~tactically~*~*~ (hiding).
  2740 | D:6      | Reached skill level 9 in Unarmed Combat
  2757 | D:6      | 2757 ||| Stepping ~*~*~tactically~*~*~ (stealth).
  2759 | D:6      | 2759 ||| Stepping ~*~*~tactically~*~*~ (hiding).
  2760 | D:6      | 2760 ||| Stepping ~*~*~tactically~*~*~ (hiding).
  2766 | D:6      | 2766 ||| INVOKING Fiery Armour.
  2767 | D:6      | 2767 ||| Stepping ~*~*~tactically~*~*~ (outnumbered).
  2770 | D:6      | 2770 ||| Stepping ~*~*~tactically~*~*~ (outnumbered).
  2778 | D:6      | Reached skill level 1 in Dodging
  2778 | D:6      | Reached XP level 8. HP: 64/75 MP: 8/8
  2852 | D:6      | 2852 ||| DRINKING 6 potions of curing.
  2852 | D:6      | 2852 ||| (to cure confusion)
  2889 | D:6      | 2889 ||| RIP SEWER
  2918 | D:6      | 2918 ||| PLANNING D:1-11
  2918 | D:6      | 2918 ||| READING scroll labelled WYNU TEJACZERO.
  2919 | D:6      | 2919 ||| DRINKING 2 smoky coppery potions.
  2971 | D:6      | 2971 ||| DROPPING potion of lignification.
  3011 | D:5      | Entered Level 5 of the Dungeon
  3300 | D:5      | 3300 ||| UPGRADING to ring of protection from fire.
  3301 | D:5      | 3301 ||| Stepping randomly (stuck).
  3382 | D:4      | 3382 ||| READING scroll labelled YMUIZO FAGGY.
  3383 | D:4      | 3383 ||| Stepping randomly (stuck).
  3384 | D:4      | 3384 ||| Stepping ~*~*~tactically~*~*~ (cloud).
  3447 | D:3      | 3447 ||| Stepping ~*~*~tactically~*~*~ (hiding).
  3922 | D:3      | 3922 ||| READING scroll of teleportation.
  4184 | D:4      | Reached skill level 10 in Unarmed Combat
  4196 | D:4      | 4196 ||| Stepping ~*~*~tactically~*~*~ (stealth).
  4209 | D:4      | 4209 ||| Stepping ~*~*~tactically~*~*~ (hiding).
  4211 | D:4      | 4211 ||| Stepping ~*~*~tactically~*~*~ (hiding).
  4213 | D:4      | 4213 ||| Stepping ~*~*~tactically~*~*~ (hiding).
  4334 | D:4      | Identified the +1 dagger of Iteosh {antimagic, rPois}
  4632 | D:4      | 4632 ||| Stepping ~*~*~tactically~*~*~ (stealth).
  4636 | D:4      | 4636 ||| Stepping ~*~*~tactically~*~*~ (hiding).
  4640 | D:4      | 4640 ||| Stepping ~*~*~tactically~*~*~ (hiding).
  4641 | D:4      | 4641 ||| Stepping ~*~*~tactically~*~*~ (hiding).
  4642 | D:4      | 4642 ||| Stepping ~*~*~tactically~*~*~ (hiding).
  4644 | D:4      | 4644 ||| Stepping ~*~*~tactically~*~*~ (hiding).
  5298 | D:4      | 5298 ||| DRINKING 2 sedimented purple potions.
  5299 | D:4      | 5299 ||| DROPPING potion of brilliance.
  5329 | D:5      | 5329 ||| Stepping ~*~*~tactically~*~*~ (hiding).
  5575 | D:5      | Noticed Duvessa
  5575 | D:5      | Noticed Dowan
  5576 | D:5      | 5576 ||| INVOKING Fiery Armour.
  5580 | D:5      | Killed Dowan
  5584 | D:5      | Killed Duvessa
  5628 | D:5      | 5628 ||| Stepping randomly (stuck).
  5629 | D:5      | 5629 ||| Stepping randomly (stuck).
  5630 | D:5      | 5630 ||| Stepping randomly (stuck).
  5631 | D:5      | 5631 ||| Stepping randomly (stuck).
  5632 | D:5      | 5632 ||| Stepping randomly (stuck).
  5633 | D:5      | 5633 ||| Stepping randomly (stuck).
  5652 | D:5      | 5652 ||| Stepping ~*~*~tactically~*~*~ (stealth).
  5669 | D:5      | 5669 ||| Stepping randomly (stuck).
  5670 | D:5      | 5670 ||| Stepping randomly (stuck).
  6006 | D:5      | 6006 ||| READING scroll labelled YLOPAGO IPNITTE.
  6151 | D:6      | Noticed Sigmund
  6164 | D:6      | 6164 ||| DRINKING 7 potions of curing.
  6164 | D:6      | 6164 ||| (to cure confusion)
  6167 | D:6      | Killed Sigmund
  6168 | D:6      | Reached skill level 11 in Unarmed Combat
  6168 | D:6      | Reached XP level 9. HP: 75/84 MP: 9/9
  6182 | D:6      | Found Lizeiculu's Armour Shoppe.
  6243 | D:6      | 6243 ||| Stepping ~*~*~tactically~*~*~ (hiding).
  6396 | D:7      | Reached skill level 3 in Throwing
  6420 | D:7      | 6420 ||| Stepping ~*~*~tactically~*~*~ (stealth).
  6428 | D:7      | 6428 ||| Stepping ~*~*~tactically~*~*~ (stealth).
  6429 | D:7      | 6429 ||| Stepping ~*~*~tactically~*~*~ (stealth).
  6454 | D:7      | 6454 ||| Stepping ~*~*~tactically~*~*~ (stealth).
  6460 | D:7      | 6460 ||| Stepping ~*~*~tactically~*~*~ (stealth).
  6523 | D:7      | Found a staircase to the Ecumenical Temple.
  6525 | D:7      | 6525 ||| Stepping ~*~*~tactically~*~*~ (stealth).
  6526 | D:7      | 6526 ||| Stepping ~*~*~tactically~*~*~ (stealth).
  6530 | D:7      | 6530 ||| Stepping ~*~*~tactically~*~*~ (stealth).
  6537 | D:7      | 6537 ||| Stepping ~*~*~tactically~*~*~ (stealth).
  6540 | D:7      | 6540 ||| Stepping ~*~*~tactically~*~*~ (stealth).
  6541 | D:7      | 6541 ||| Stepping ~*~*~tactically~*~*~ (stealth).
  6542 | D:7      | 6542 ||| Stepping ~*~*~tactically~*~*~ (stealth).
  6543 | D:7      | 6543 ||| Stepping ~*~*~tactically~*~*~ (stealth).
  6544 | D:7      | 6544 ||| Stepping ~*~*~tactically~*~*~ (stealth).
  6569 | D:7      | 6569 ||| FLEEEEING.
  6570 | D:7      | 6570 ||| FLEEEEING.
  6571 | D:7      | 6571 ||| FLEEEEING.
  6572 | D:7      | 6572 ||| FLEEEEING.
  6573 | D:7      | 6573 ||| FLEEEEING.
  6574 | D:7      | 6574 ||| FLEEEEING.
  6575 | D:7      | 6575 ||| FLEEEEING.
  6576 | D:7      | 6576 ||| FLEEEEING.
  6577 | D:7      | 6577 ||| FLEEEEING.
  6578 | D:7      | 6578 ||| FLEEEEING.
  6579 | D:7      | 6579 ||| FLEEEEING.
  6580 | D:7      | 6580 ||| FLEEEEING.
  6581 | D:7      | 6581 ||| FLEEEEING.
  6582 | D:7      | 6582 ||| FLEEEEING.
  6583 | D:7      | 6583 ||| FLEEEEING.
  6584 | D:7      | 6584 ||| FLEEEEING.
  6585 | D:7      | 6585 ||| FLEEEEING.
  6589 | D:7      | 6589 ||| Stepping ~*~*~tactically~*~*~ (stealth).
  6591 | D:7      | 6591 ||| FLEEEEING.
  6592 | D:7      | 6592 ||| FLEEEEING.
  6593 | D:7      | 6593 ||| FLEEEEING.
  6594 | D:7      | 6594 ||| FLEEEEING.
  6595 | D:7      | 6595 ||| FLEEEEING.
  6596 | D:7      | 6596 ||| FLEEEEING.
  6597 | D:7      | 6597 ||| FLEEEEING.
  6598 | D:7      | 6598 ||| FLEEEEING.
  6599 | D:7      | 6599 ||| FLEEEEING.
  6600 | D:7      | 6600 ||| FLEEEEING.
  6601 | D:7      | 6601 ||| STAIRDANCE
  6641 | D:7      | Reached skill level 12 in Unarmed Combat
  6651 | D:7      | 6651 ||| Stepping ~*~*~tactically~*~*~ (stealth).
  6653 | D:7      | 6653 ||| Stepping ~*~*~tactically~*~*~ (stealth).
  6733 | D:7      | 6733 ||| FLEEEEING.
  6734 | D:7      | 6734 ||| FLEEEEING.
  6735 | D:7      | 6735 ||| FLEEEEING.
  6736 | D:7      | 6736 ||| FLEEEEING.
  6738 | D:7      | 6738 ||| FLEEEEING.
  6739 | D:7      | 6739 ||| FLEEEEING.
  6740 | D:7      | 6740 ||| FLEEEEING.
  6741 | D:7      | 6741 ||| FLEEEEING.
  6782 | D:7      | Identified the +1 leather armour "Saupn" {rPois rF+ Will+++
                  | Int-4}
  6957 | D:7      | 6957 ||| Stepping ~*~*~tactically~*~*~ (stealth).
  6959 | D:7      | 6959 ||| Stepping ~*~*~tactically~*~*~ (stealth).
  6962 | D:7      | 6962 ||| Stepping ~*~*~tactically~*~*~ (stealth).
  6966 | D:7      | 6966 ||| Stepping ~*~*~tactically~*~*~ (outnumbered).
  6967 | D:7      | 6967 ||| INVOKING Fiery Armour.
  6977 | D:7      | 6977 ||| Stepping ~*~*~tactically~*~*~ (outnumbered).
  7126 | D:7      | 7126 ||| DRINKING 2 pink potions.
  7127 | D:7      | 7127 ||| DROPPING potion of invisibility.
  7149 | D:8      | 7149 ||| Stepping ~*~*~tactically~*~*~ (stealth).
  7150 | D:8      | Found a radiant altar of Vehumet.
  7156 | D:8      | 7156 ||| Stepping ~*~*~tactically~*~*~ (outnumbered).
  7157 | D:8      | 7157 ||| Stepping ~*~*~tactically~*~*~ (stealth).
  7159 | D:8      | 7159 ||| INVOKING Fiery Armour.
  7161 | D:8      | 7161 ||| Stepping ~*~*~tactically~*~*~ (stealth).
  7251 | D:8      | Noticed Gastronok
  7263 | D:8      | Killed Gastronok
  7264 | D:8      | Reached skill level 13 in Unarmed Combat
  7264 | D:8      | Reached XP level 10. HP: 72/96 MP: 10/10
  7352 | D:8      | 7352 ||| Stepping ~*~*~tactically~*~*~ (outnumbered).
  7356 | D:8      | 7356 ||| FLEEEEING.
  7357 | D:8      | 7357 ||| FLEEEEING.
  7358 | D:8      | 7358 ||| FLEEEEING.
  7359 | D:8      | 7359 ||| FLEEEEING.
  7365 | D:8      | 7365 ||| INVOKING Fiery Armour.
  7494 | D:8      | 7494 ||| Stepping ~*~*~tactically~*~*~ (stealth).
  7496 | D:8      | 7496 ||| Stepping ~*~*~tactically~*~*~ (hiding).
  7498 | D:8      | 7498 ||| Stepping ~*~*~tactically~*~*~ (hiding).
  7499 | D:8      | 7499 ||| Stepping ~*~*~tactically~*~*~ (hiding).
  7500 | D:8      | 7500 ||| Stepping ~*~*~tactically~*~*~ (hiding).
  7502 | D:8      | 7502 ||| Stepping ~*~*~tactically~*~*~ (hiding).
  7504 | D:8      | 7504 ||| Stepping ~*~*~tactically~*~*~ (hiding).
  7670 | D:8      | 7670 ||| Stepping ~*~*~tactically~*~*~ (hiding).
  8099 | D:8      | 8099 ||| READING 3 scrolls of identify.
  8099 | D:8      | 8099 ||| IDENTIFYING bubbling emerald potion
  8100 | D:8      | 8100 ||| READING 2 scrolls of identify.
  8100 | D:8      | 8100 ||| IDENTIFYING fuming puce potion
  8101 | D:8      | 8101 ||| DROPPING potion of magic.
  8159 | D:9      | 8159 ||| FLEEEEING.
  8160 | D:9      | 8160 ||| FLEEEEING.
  8161 | D:9      | 8161 ||| FLEEEEING.
  8162 | D:9      | 8162 ||| FLEEEEING.
  8163 | D:9      | 8163 ||| FLEEEEING.
  8164 | D:9      | 8164 ||| FLEEEEING.
  8165 | D:9      | 8165 ||| STAIRDANCE
  8189 | D:9      | 8189 ||| STAIRDANCE
  8193 | D:9      | 8193 ||| STAIRDANCE
  8203 | D:9      | 8203 ||| STAIRDANCE
  8241 | D:9      | 8241 ||| INVOKING Fiery Armour.
  8242 | D:9      | 8242 ||| Stepping ~*~*~tactically~*~*~ (outnumbered).
  8243 | D:9      | 8243 ||| Stepping ~*~*~tactically~*~*~ (outnumbered).
  8244 | D:9      | 8244 ||| Stepping ~*~*~tactically~*~*~ (outnumbered).
  8251 | D:9      | 8251 ||| Stepping ~*~*~tactically~*~*~ (outnumbered).
  8261 | D:9      | Reached skill level 14 in Unarmed Combat
  8269 | D:9      | 8269 ||| Stepping ~*~*~tactically~*~*~ (hiding).
  8271 | D:9      | 8271 ||| Stepping ~*~*~tactically~*~*~ (hiding).
  8277 | D:9      | 8277 ||| FLEEEEING.
  8280 | D:9      | 8280 ||| FLEEEEING.
  8281 | D:9      | 8281 ||| FLEEEEING.
  8296 | D:9      | 8296 ||| Stepping ~*~*~tactically~*~*~ (stealth).
  8300 | D:9      | 8300 ||| Stepping ~*~*~tactically~*~*~ (stealth).
  8310 | D:9      | 8310 ||| FLEEEEING.
  8311 | D:9      | 8311 ||| STAIRDANCE
  8357 | D:9      | 8357 ||| Stepping ~*~*~tactically~*~*~ (stealth).
  8408 | D:9      | 8408 ||| INVOKING Fiery Armour.
  8415 | D:9      | Reached skill level 6 in Fighting
  8419 | D:9      | Noticed a two-headed ogre
  8420 | D:9      | 8420 ||| FLEEEEING.
  8428 | D:9      | Killed a two-headed ogre
  8440 | D:9      | 8440 ||| FLEEEEING.
  8440 | D:9      | Found a staircase to the Lair.
  8531 | D:9      | Found a flagged portal.
  8565 | D:9      | 8565 ||| STAIRDANCE
  8600 | D:8      | 8600 ||| UPGRADING to +0 troll leather armour.
  8610 | D:8      | 8610 ||| DROPPING +0 robe.
  8611 | D:8      | 8611 ||| DRINKING 2 metallic emerald potions.
  8611 | D:8      | Gained mutation: You are frail. (-10% HP) [potion of
                  | mutation]
  8612 | D:8      | 8612 ||| DRINKING potion of mutation.
  8612 | D:8      | Lost mutation: You are frail. (-10% HP) [potion of
                  | mutation]
  8612 | D:8      | Gained mutation: You occasionally lose the ability to drink
                  | potions when taking damage. [potion of mutation]
  8612 | D:8      | Gained mutation: You are strong-willed. (Will+) [potion of
                  | mutation]
  8618 | D:8      | 8618 ||| READING 2 scrolls of identify.
  8618 | D:8      | 8618 ||| IDENTIFYING bubbling black potion
  8619 | D:8      | 8619 ||| DROPPING potion of degeneration.
  8622 | D:9      | 8622 ||| STAIRDANCE
  8634 | D:9      | 8634 ||| Stepping ~*~*~tactically~*~*~ (hiding).
  8818 | D:9      | 8818 ||| Stepping ~*~*~tactically~*~*~ (stealth).
  8820 | D:9      | 8820 ||| Stepping ~*~*~tactically~*~*~ (hiding).
  8824 | D:9      | 8824 ||| Stepping ~*~*~tactically~*~*~ (outnumbered).
  8825 | D:9      | 8825 ||| Stepping ~*~*~tactically~*~*~ (outnumbered).
  8830 | D:9      | 8830 ||| Stepping ~*~*~tactically~*~*~ (outnumbered).
  8832 | D:9      | 8832 ||| Stepping ~*~*~tactically~*~*~ (outnumbered).
  8833 | D:9      | 8833 ||| Stepping ~*~*~tactically~*~*~ (outnumbered).
  8838 | D:9      | Reached skill level 1 in Armour
  8838 | D:9      | 8838 ||| Stepping ~*~*~tactically~*~*~ (outnumbered).
  8839 | D:9      | 8839 ||| Stepping ~*~*~tactically~*~*~ (outnumbered).
  8840 | D:9      | 8840 ||| Stepping ~*~*~tactically~*~*~ (outnumbered).
  8841 | D:9      | 8841 ||| INVOKING Fiery Armour.
  8842 | D:9      | 8842 ||| Stepping ~*~*~tactically~*~*~ (outnumbered).
  8842 | D:9      | Found a staircase to the Orcish Mines.
  8847 | D:9      | 8847 ||| Stepping ~*~*~tactically~*~*~ (outnumbered).
  8848 | D:9      | 8848 ||| Stepping ~*~*~tactically~*~*~ (outnumbered).
  8946 | D:9      | 8946 ||| Stepping ~*~*~tactically~*~*~ (hiding).
  9238 | D:9      | 9238 ||| Stepping ~*~*~tactically~*~*~ (hiding).
  9239 | D:9      | 9239 ||| Stepping ~*~*~tactically~*~*~ (hiding).
  9308 | D:9      | 9308 ||| INVOKING Fiery Armour.
  9309 | D:9      | Reached skill level 15 in Unarmed Combat
  9320 | D:9      | 9320 ||| Stepping ~*~*~tactically~*~*~ (stealth).
  9375 | D:9      | 9375 ||| Stepping ~*~*~tactically~*~*~ (outnumbered).
  9377 | D:9      | Reached XP level 11. HP: 93/105 MP: 11/11
  9685 | D:9      | 9685 ||| PLANNING LAIR
  9685 | D:9      | 9685 ||| DROPPING ring of wizardry.
  9686 | D:9      | 9686 ||| READING scroll labelled INYNOX IH ULAX.
  9687 | D:9      | 9687 ||| READING 2 scrolls of identify.
  9687 | D:9      | 9687 ||| IDENTIFYING fuming white potion
  9688 | D:9      | 9688 ||| DROPPING potion of attraction.
  9707 | Lair:1   | Entered Level 1 of the Lair of Beasts
  9782 | Lair:1   | 9782 ||| Stepping ~*~*~tactically~*~*~ (stealth).
  9784 | Lair:1   | 9784 ||| Stepping ~*~*~tactically~*~*~ (stealth).
  9787 | Lair:1   | 9787 ||| Stepping ~*~*~tactically~*~*~ (stealth).
  9790 | Lair:1   | 9790 ||| Stepping ~*~*~tactically~*~*~ (stealth).
  9792 | Lair:1   | 9792 ||| Stepping ~*~*~tactically~*~*~ (stealth).
  9797 | Lair:1   | 9797 ||| Stepping ~*~*~tactically~*~*~ (stealth).
  9798 | Lair:1   | 9798 ||| Stepping ~*~*~tactically~*~*~ (stealth).
 10384 | Lair:1   | 10384 ||| UPGRADING to amulet of the acrobat.
 10389 | Lair:1   | 10389 ||| UPGRADING to ring of protection from cold.
 10390 | Lair:1   | 10390 ||| READING scroll labelled DACLONEFUA.
 10455 | Lair:2   | 10455 ||| Stepping ~*~*~tactically~*~*~ (outnumbered).
 10456 | Lair:2   | 10456 ||| Stepping ~*~*~tactically~*~*~ (outnumbered).
 10457 | Lair:2   | 10457 ||| Stepping ~*~*~tactically~*~*~ (outnumbered).
 10458 | Lair:2   | 10458 ||| Stepping ~*~*~tactically~*~*~ (outnumbered).
 10459 | Lair:2   | 10459 ||| Stepping ~*~*~tactically~*~*~ (outnumbered).
 10462 | Lair:2   | 10462 ||| Stepping ~*~*~tactically~*~*~ (outnumbered).
 10463 | Lair:2   | 10463 ||| Stepping ~*~*~tactically~*~*~ (outnumbered).
 10464 | Lair:2   | 10464 ||| Stepping ~*~*~tactically~*~*~ (outnumbered).
 10465 | Lair:2   | 10465 ||| Stepping ~*~*~tactically~*~*~ (outnumbered).
 10466 | Lair:2   | 10466 ||| Stepping ~*~*~tactically~*~*~ (outnumbered).
 10684 | Lair:2   | 10684 ||| Stepping ~*~*~tactically~*~*~ (hiding).
 10915 | Lair:2   | 10915 ||| Stepping ~*~*~tactically~*~*~ (stealth).
 10934 | Lair:2   | 10934 ||| INVOKING Fiery Armour.
 10937 | Lair:2   | HP: 23/105 [vampire mosquito (7)]
 10938 | Lair:2   | Reached skill level 16 in Unarmed Combat
 10938 | Lair:2   | 10938 ||| READING 3 scrolls of teleportation.
 10939 | Lair:2   | 10939 ||| DRINKING 4 potions of heal wounds.
 11037 | Lair:2   | Found a staircase to the Swamp.
 11283 | Lair:2   | 11283 ||| Stepping ~*~*~tactically~*~*~ (stealth).
 11467 | Lair:3   | Noticed a four-headed hydra
 11468 | Lair:3   | 11468 ||| INVOKING Fiery Armour.
 11470 | Lair:3   | 11470 ||| Stepping ~*~*~tactically~*~*~ (outnumbered).
 11471 | Lair:3   | 11471 ||| Stepping ~*~*~tactically~*~*~ (outnumbered).
 11474 | Lair:3   | 11474 ||| Stepping ~*~*~tactically~*~*~ (outnumbered).
 11476 | Lair:3   | 11476 ||| Stepping ~*~*~tactically~*~*~ (outnumbered).
 11482 | Lair:3   | 11482 ||| Stepping ~*~*~tactically~*~*~ (outnumbered).
 11483 | Lair:3   | 11483 ||| Stepping ~*~*~tactically~*~*~ (outnumbered).
 11484 | Lair:3   | 11484 ||| Stepping ~*~*~tactically~*~*~ (outnumbered).
 11487 | Lair:3   | HP: 24/107 [five-headed hydra (12)]
 11488 | Lair:3   | 11488 ||| READING 2 scrolls of teleportation.
 11488 | Lair:3   | Killed a five-headed hydra
 11489 | Lair:3   | 11489 ||| DRINKING 3 potions of heal wounds.
 11489 | Lair:3   | HP: 11/109 [naga/+0 glaive (20)]
 11490 | Lair:3   | HP: 3/109 [water moccasin (3)]
 11490 | Lair:3   | Mangled by a naga

Levels and vault maps discovered:
D:1:      matt_arrival_refuge, layout_rooms,
          ebering_ecumenical_altar_sacrificial, serial_shops, shop,
          serial_forest, infiniplex_forest_lined_room_2,
          infiniplex_forest_lined_room_2, infiniplex_forest_end_2,
          infiniplex_forest_corner_1, infiniplex_forest_lined_3_way,
          infiniplex_forest_lined_room_3, minmay_gold_behind_fungi
D:2:      layout_basic, uniq_terence, uniq_robin
D:3:      layout_basic, chequers_temple_overflow_statue_of_worship,
          uniq_grinder, uniq_ijyb, uniq_crazy_yiuf_cottage
D:4:      layout_layer_cave
D:5:      dreamdust_elfheim, layout_loops_ring, serial_co_window_serial,
          co_window_of_opportunity_a, co_window_corner_a, co_window_corner_a,
          co_window_corner_a, co_window_corner_a, co_window_corner_b,
          co_window_corner_ca, co_window_unsneaky_path_a, co_window_corner_ca,
          co_window_corner_b, co_window_4corner_b, glass_columns_b,
          glass_columns_b
D:6:      layout_basic, serial_shops, nicolae_diamond_shop,
          cheibrodos_sewer_entry_sluice, minivault_25, uniq_eustachio,
          uniq_sigmund
D:7:      layout_loops_ring, minmay_temple_entry_junction,
          chequers_serial_rivers_room_a
D:8:      layout_gridville, nicolae_overflow_crystal_walls, uniq_gastronok
D:9:      layout_cave_pools, erik_lair_island, hiddenorc2_lemuel,
          enter_bailey_2, minmay_misc_feat_rugged, roderic_serpentine_path,
          minivault_7
Lair:1:   layout_gridlike, st_stairs_10
Lair:2:   layout_small_grid, minmay_swamp_entry_swarm,
          nicolae_quartered_pool_little, grunt_megastairs_2,
          infiniplex_staircase_pool_2
Lair:3:   layout_cave_shapes, minmay_snake_entry_guardpost_small,
          enter_volcano_2, grunt_megastairs_1, uniq_fannar

Skill      XL: |  1  2  3  4  5  6  7  8  9 10 11 |
---------------+----------------------------------+-----
Unarmed Combat | 4 6 7 9 11 13 15 16 | 16.0
Throwing       | 1 2 3 4 |  4.1
Fighting       | 3 4 5 6 7 |  7.3
Dodging        | 1 |  1.2
Armour         | 1 |  1.0
Spellcasting   | |  1.0
Fire Magic     | |  2.1

Action                   |  1- 3 |  4- 6 |  7- 9 | 10-12 || total
-------------------------+-------+-------+-------+-------++-------
Melee: Unarmed           |    89 |    54 |   283 |   288 ||   714
       Punch             |     2 |     2 |     6 |    12 ||    22
Throw: Javelin           |    27 |    20 |    72 |    54 ||   173
       Boomerang         |       |       |    11 |    19 ||    30
Invok: Fiery Armour      |     1 |     1 |     4 |     7 ||    13
  Use: Potion            |     2 |     1 |     5 |     4 ||    12
       Scroll            |     1 |     7 |     7 |     8 ||    23
Armor: Robe              |    41 |    21 |    93 |    39 ||   194
       Troll leather arm |       |       |       |    93 ||    93
Dodge: Dodged            |    37 |    18 |    86 |   172 ||   313

Table legend:
 A = Non-vault XP
 B = Vault XP
 C = Vault XP percentage of total XP
 D = Non-vault monster count
 E = Vault monster count
 F = Vault count percentage of total count
                 A         B        C        D         E       F
            +---------+---------+-------+---------+---------+-------
      Total |   10350 |    7410 |  41.7 |     193 |      92 |  32.3
            +---------+---------+-------+---------+---------+-------
        D:1 |      35 |       0 |   0.0 |      21 |       0 |   0.0
        D:2 |      42 |      67 |  61.5 |      11 |      11 |  50.0
        D:3 |      27 |     317 |  92.2 |       9 |       2 |  18.2
        D:4 |     258 |       0 |   0.0 |      25 |       0 |   0.0
        D:5 |     571 |     211 |  27.0 |      20 |       2 |   9.1
        D:6 |    1067 |     448 |  29.6 |      23 |       5 |  17.9
        D:7 |    1232 |       0 |   0.0 |      26 |       0 |   0.0
        D:8 |    1117 |    1549 |  58.1 |      21 |       1 |   4.5
        D:9 |    1660 |    2801 |  62.8 |      18 |      57 |  76.0
     Lair:1 |     841 |       0 |   0.0 |       4 |       0 |   0.0
     Lair:2 |    2068 |    1845 |  47.2 |       9 |      13 |  59.1
     Lair:3 |    1432 |     172 |  10.7 |       6 |       1 |  14.3
            +---------+---------+-------+---------+---------+-------
